 Dungeon Crawl Stone Soup version 0.31.0-12-g77e489cdc1 (webtiles) character file.

Game seed: 11123585417286053250

131 Curundu the Chopper (level 4, -2/42 HPs)
             Began as a Minotaur Berserker on Mar 5, 2024.
             Was a Believer of Trog.
             Incinerated by a bombardier beetle (5 damage)
             ... with a burning spray
             ... on level 4 of the Dungeon.
             The game lasted 00:06:14 (2228 turns).

Curundu the Chopper (Minotaur Berserker)            Turns: 2228, Time: 00:06:15

Health: -2/42      AC:  9    Str: 24    XL:     4   Next: 91%
Magic:  3/3        EV:  9    Int:  4    God:    Trog [**....]
Gold:   160        SH:  0    Dex:  9    Spells: 3/3 levels left

rFire   . . .        a - +0 hand axe
rCold   . . .        (no shield)
rNeg    . . .        i - +0 chain mail
rPois   .            (helmet restricted)
rElec   .            (no cloak)
rCorr   +            (no gloves)
SInv    .            (no boots)
Will    .....        o - amulet of the acrobat Stlth
                     d - ring of resist corrosion
HPRegen 0.27/turn    (no ring)
MPRegen 0.08/turn

%: acrobat
@: lethally poisoned (-2 -> -6), on fire, glowing
A: horns 2, retaliatory headbutt
a: Renounce Religion, Berserk, Trog's Hand


You were on level 4 of the Dungeon.
You worshipped Trog.
Trog was pleased with you.
You visited 1 branch of the dungeon, and saw 4 of its levels.

You collected 160 gold pieces.

Inventory:

Hand Weapons
 a - a +0 hand axe (weapon)
Missiles
 p - a boomerang (quivered)
Armour
 i - a +0 chain mail (worn)
Jewellery
 d - a ring of resist corrosion (left hand)
 o - an amulet of the acrobat (around neck)
Scrolls
 c - 3 scrolls of noise {unknown}
 f - 2 scrolls of teleportation {unknown}
 g - 4 scrolls of identify {unknown}
 h - 2 scrolls of immolation {unknown}
 l - a scroll of amnesia {unknown}
 m - a scroll of enchant weapon {unknown}
 q - a scroll of enchant armour {unknown}
Potions
 b - a potion of enlightenment {unknown}
 e - 3 potions of curing {unknown}
 j - a potion of heal wounds {unknown}
 k - a potion of magic {unknown}
 n - a potion of haste {unknown}
 r - 3 potions of attraction {unknown}
 s - a potion of might {unknown}


   Skills:
 + Level 5.0 Fighting
 + Level 5.1 Axes
 + Level 3.1 Armour
 + Level 2.7 Dodging
 + Level 0.1 Stealth


You had 3 spell levels left.
You didn't know any spells.
Your spell library was empty.

Dungeon Overview and Level Annotations

Branches:
Dungeon (4/15)
 Temple: D:4-7

Altars:

Shops:
D:2 ?


Innate Abilities, Weirdness & Mutations

You have a pair of horns on your head.
You reflexively headbutt those who attack you in melee.


Message History

The kobold completely misses you.
You hit the kobold.
You kill the kobold!
Trog accepts your kill. The liquid fire burns you!
You hit the adder. Your headbutt misses the adder.
The adder is moderately wounded.
The liquid fire burns you! The adder bites you but does no damage.
You miss the adder.
The adder is moderately wounded.
The liquid fire burns you! The adder bites you.
You are poisoned.
The adder poisons you!
You closely miss the adder. Your punch misses the adder.
The adder is moderately wounded.
The liquid fire burns you!
You feel sick.
The adder bites you but does no damage. x2
You hit the adder.
The adder is almost dead.
The liquid fire burns you!
You feel sick. The adder barely misses you.
You barely miss the adder.
The adder is almost dead.
The liquid fire burns you!
* * * LOW HITPOINT WARNING * * *
You feel sick. The adder bites you.
* * * LOW HITPOINT WARNING * * *
You are more poisoned.
The adder poisons you! The adder bites you but does no damage.
You closely miss the adder.
The adder is almost dead.
The liquid fire burns you!
* * * LOW HITPOINT WARNING * * *
x2 You feel sick.
The adder bites you but does no damage.
You hit the adder but do no damage.
The adder is almost dead.
The liquid fire burns you!
You die...

. #####. ##.....
##.....##
##.......##########
...........>......#
#.....†.#........#
#...S@##........###
#....#...............
### #.####........###
#. #........... #
#........##
#.####.####.###
####.#....# #.#
.......#..# #.#
..........#
##.#######.


You could see an adder.

Vanquished Creatures
  A bombardier beetle (D:4)
  3 adders
  2 dart slugs
  A ribbon worm (D:2)
  4 orcs (D:3)
  4 bats (D:1)
  An endoplasm (D:1)
  4 giant cockroaches
  6 goblins
  2 hobgoblins (D:3)
  10 kobolds
  7 quokkas
  6 ball pythons
  4 frilled lizards
  9 rats
64 creatures vanquished.

Notes
Turn   | Place    | Note
-------+----------+-------------------------------------------
     0 | D:1      | Curundu the Minotaur Berserker began the quest for the Orb.
     0 | D:1      | Reached XP level 1. HP: 19/19 MP: 0/0
   246 | D:1      | Reached XP level 2. HP: 20/27 MP: 1/1
   330 | D:1      | Found a faded altar of an unknown god.
   844 | D:2      | Reached ** piety under Trog
   845 | D:2      | Reached XP level 3. HP: 33/33 MP: 2/2
   865 | D:2      | Found The Oracle's Delphic Readings.
  1655 | D:3      | Reached XP level 4. HP: 37/41 MP: 3/3
  2220 | D:4      | Reached skill level 5 in Fighting
  2220 | D:4      | Reached skill level 5 in Axes
  2228 | D:4      | Incinerated by a bombardier beetle

Illustrated notes

Levels and vault maps discovered:
D:1:      kennysheep_arrival_forest, layout_loops_ring,
          hellmonk_ecumenical_altar_leap_of_faith, minmay_shallow_snake_nest
D:2:      layout_loops_cross, nicolae_nh_oracle_at_delphi
D:3:      layout_basic, chequers_serial_rivers_small_b, guppyfry_early_orc_mine
D:4:      layout_loops_ring, nicolae_uskayaw_dance_hall, gup_sewer_entry_glass

Skill      XL: |  1  2  3  4 |
---------------+-------------+-----
Fighting       | 4 5 |  5.0
Axes           | 4 5 |  5.1
Armour         | 3 |  3.1
Dodging        | |  2.7
Stealth        | |  0.1

Action                     |  1- 3 |  4- 6 || total
---------------------------+-------+-------++-------
  Melee: Hand axe          |    90 |    43 ||   133
         Headbutt          |    10 |     6 ||    16
 Armour: Animal skin       |    14 |       ||    14
         Chain mail        |    36 |    32 ||    68
         Skin              |     2 |       ||     2
  Dodge: Dodged            |    69 |    13 ||    82
